 Dungeon Crawl Stone Soup version 0.31-a0-217-g58bb5d79cf (webtiles) character file.

Game seed: 15659026373946195082

2314 frimble the Cutter (level 9, -2/62 HPs)
             Began as an Octopode Warper on July 3, 2023.
             Was a Follower of Cheibriados.
             Slain by an orc warrior
             ... wielding a +0 spear
              (11 damage)
             ... in a bailey.
             The game lasted 00:10:35 (5708 turns).

frimble the Cutter (Octopode Warper)                Turns: 5708, Time: 00:10:35

Health: -2/62      AC:  1    Str: 14    XL:     9   Next: 41%
Magic:  13/14      EV: 16    Int: 28    God:    Cheibriados [*.....]
Gold:   252        SH:  0    Dex: 20    Spells: 8/15 levels left

rFire   . . .        e - +2 short sword (venom)
rCold   + . .        (no shield)
rNeg    . . .        (helmet restricted)
rPois   +            t - amulet of regeneration
rElec   .            f - +6 ring of dexterity
rCorr   .            i - ring of protection from cold
SInv    .            q - +6 ring of intelligence
Will    .....        r - ring of poison resistance
Stlth   ++++         (no ring)
HPRegen 1.10/turn    (no ring)
MPRegen 0.14/turn    (no ring)
                     (no ring)

%: no passive effects
@: very slow
A: almost no armour, amphibious, 8 rings, camouflage 1, gelatinous body 1,
(nimble swimmer 1), tentacles
a: Renounce Religion, Bend Time


You were in a bailey.
You worshipped Cheibriados.
Cheibriados was aware of your devotion.
You visited 2 branches of the dungeon, and saw 9 of its levels.
You also visited: Bailey.

You collected 304 gold pieces.
You spent 52 gold pieces at shops.

Inventory:

Hand Weapons
 e - a +2 short sword of venom (weapon)
Missiles
 c - 7 boomerangs of dispersal (quivered)
Jewellery
 f - a +6 ring of dexterity (left tentacle)
 i - a ring of protection from cold (right tentacle)
 q - a +6 ring of intelligence (on tentacle)
 r - a ring of poison resistance (on tentacle)
 t - an amulet of regeneration (around mantle)
Wands
 v - a wand of light (21)
Scrolls
 a - a scroll of revelation
 b - 2 scrolls of blinking
 g - a scroll of enchant armour
 s - a scroll of poison
 u - a scroll of vulnerability
 w - a scroll of immolation {unknown}
Potions
 d - 4 potions of enlightenment
 h - 5 potions of curing
 j - a potion of heal wounds
 k - a potion of mutation
 n - 2 potions of resistance {unknown}
 o - a potion of lignification {unknown}
 p - a potion of attraction {unknown}


   Skills:
 + Level 5.9 Fighting
 + Level 6.1 Short Blades
 - Level 1.1 Throwing
 - Level 5.0 Dodging
 - Level 5.0 Stealth
 + Level 3.9 Spellcasting
 + Level 4.7 Translocations
 + Level 5.1 Evocations


You had 8 spell levels left.
You knew the following spells:

 Your Spells              Type           Power      Damage    Failure   Level
a - Blink                 Tloc           64%        N/A       1%          2
b - Manifold Assault      Tloc           32%        N/A       11%         4
c - Apportation           Tloc           64%        N/A       1%          1

Your spell library contained the following spells:

 Spells                   Type           Power      Damage    Failure   Level
 Lesser Beckoning         Tloc           64%        N/A       1%          2
 Teleport Other           Tloc           32%        N/A       3%          3
 Beastly Appendage        Tmut           10%        N/A       8%          1
 Vhi's Electric Charge    Tloc/Air       36%        N/A       9%          3
 Wereblood                Tmut           5%         N/A       12%         2
 Hailstorm                Conj/Ice       5%         3d4       22%         3
 Spider Form              Tmut/Pois      5%         N/A       22%         3
 Ice Form                 Ice/Tmut       5%         N/A       58%         4
 Alistair's Intoxication  Tmut/Pois      3%         N/A       91%         5
 Blade Hands              Tmut           2%         N/A       91%         5
 Irradiate                Conj/Tmut      2%         3d12      91%         5
 Simulacrum               Ice/Necr       2%         N/A       100%        6
 Dragon Form              Tmut           2%         N/A       100%        7


Dungeon Overview and Level Annotations

Branches:
Dungeon (8/15)             Temple (1/1) D:5          Bailey (1/1)
   Lair: D:8-11

Altars:
Cheibriados
Dithmenos
Elyvilon
Gozag
Hepliaklqana
Kikubaaqudgha
Makhleb
Nemelex Xobeh
Okawaru
Qazlal
Ru
Sif Muna
Trog
Uskayaw
Vehumet
Xom
Yredelemnul
Zin
The Shining One

Shops:
D:3 ?   D:6 *

Annotations:
D:4 1 runed translucent doordig, Crazy Yiuf
D:5 Edmund


Innate Abilities, Weirdness & Mutations

You cannot wear most types of armour.
You are amphibious.
You can wear up to eight rings at the same time.
Your skin changes colour to match your surroundings (Stealth+).
Your rubbery body absorbs attacks. (AC +1, EV +1)
((You are camouflaged when in or above water. (Stealth+)))
You have tentacles for arms and can constrict up to eight enemies at once.


Message History

You blink.
Aiming: Charm
Press: ? - help, Shift-Dir - straight line, f - orc knight
Aim: an orc knight, wielding a +0 halberd and wearing a +0 chain mail (lightly wounded, blind, chance to affect: 44%)
The orc knight resists with some effort.
You feel stable enough to blink again.
Aiming: Charm
Press: ? - help, Shift-Dir - straight line, f/p - orc knight
Aim: an orc knight, wielding a +0 halberd and wearing a +0 chain mail (lightly wounded, blind, chance to affect: 44%)
The orc knight is charmed.
The now-empty wand crumbles to dust.
You swap places.
The orc warrior hits you from afar with a +0 spear!
Your orc knight hits the orc warrior with a +0 halberd!
What are your orders? t - Shout!
Orders for allies: a - Attack new target. p - Attack previous target. r - Retreat! s - Stop attacking. g - Guard the area. f - Follow me.
Anything else - Cancel.
Gang up on whom?
Press: ? - help, Dir - move target, f - orc warrior, p - orc knight
Aim: an orc warrior, wielding a +0 glaive and wearing a +0 crystal plate armour (heavily wounded, blind) Attack!
The orc warrior hits you from afar with a +0 spear!
The orc warrior hits you from afar with a +0 spear.
You swap places.
Your orc knight is no longer blind.
The orc warrior hits you with a +0 glaive!
The orc warrior closely misses you.
Your orc knight hits the orc warrior with a +0 halberd!
The orc warrior hits you from afar with a +0 spear!
* * * LOW HITPOINT WARNING * * *
The orc warrior closely misses you.
Your orc knight hits the orc warrior with a +0 halberd!!
The orc warrior dies!
Cheibriados appreciates the change of pace.
The orc warrior hits you from afar with a +0 spear.
* * * LOW HITPOINT WARNING * * *
The orc warrior hits you from afar with a +0 spear!
You die...

........#..##.#)##..#............
.......##.#########.##...........
.......##.')#?.}#)'.##...........
.......##.###.8o###.##...........
.......##.'.#..o#)'.##...........
.......##.####'####.##...........
.......##..##∩oo##..#............
...........##'''#..##............
...........##..o@.##.............
.≈≈.≈≈≈....##..).##...≈≈≈)≈≈.....
≈≈#.##≈....#######....≈##)#≈≈....
≈##.∩#≈...............≈#∩.##≈....
≈#..)))....................#≈....
≈##.##≈...............≈##.##≈....
≈≈###≈≈...............≈≈###≈≈....
.≈≈≈≈≈.................≈≈≈≈≈.....
.................................


You could see 2 orc warriors and a friendly orc knight (charmed, unaware).

Vanquished Creatures
  A shadow (D:7)
  A yak (D:7)
  A water moccasin (D:5)
  7 orc warriors
  A centaur (D:6)
  3 scorpions
  4 bullfrogs
  3 killer bees (D:7)
  2 howler monkeys
  An orc priest (D:4)
  3 jellies
  Ijyb (D:3)
  An iguana (D:5)
  2 orc wizards
  7 gnolls
  3 adders
  A shadow imp (D:3)
  An ufetubus (D:4)
  A worm (D:4)
  A dart slug (D:5)
  22 orcs
  7 ball pythons
  7 bats
  10 endoplasms
  4 giant cockroaches (D:1)
  13 goblins
  5 hobgoblins
  6 jackals
  4 quokkas (D:1)
  15 frilled lizards
  6 kobolds
  14 rats
158 creatures vanquished.

Vanquished Creatures (collateral kills)
  2 orc warriors (Bailey)
2 creatures vanquished.

Grand Total: 160 creatures vanquished

Notes
Turn   | Place    | Note
-------+----------+-------------------------------------------
     0 | D:1      | frimble the Octopode Warper began the quest for the Orb.
     0 | D:1      | Reached XP level 1. HP: 14/14 MP: 3/3
    88 | D:1      | Reached XP level 2. HP: 19/19 MP: 5/5
   315 | D:1      | Found a faded altar of an unknown god.
   324 | D:1      | Learned a level 2 spell: Blink
   333 | D:1      | Reached XP level 3. HP: 21/25 MP: 6/6
   789 | D:2      | Reached skill level 3 in Short Blades
   905 | D:2      | Reached XP level 4. HP: 31/31 MP: 7/7
  1061 | D:2      | Found a sacrificial altar of Ru.
  1605 | D:2      | Reached skill level 1 in Stealth
  1816 | D:3      | Noticed Ijyb
  1830 | D:3      | Killed Ijyb
  1943 | D:3      | Found Viffuppa's Magic Scroll Shop.
  1948 | D:3      | Bought a scroll of identify for 26 gold pieces
  1948 | D:3      | Bought a scroll of identify for 26 gold pieces
  2032 | D:3      | Found an iron altar of Okawaru.
  2045 | D:3      | Reached XP level 5. HP: 31/36 MP: 8/8
  2775 | D:4      | Found a runed translucent door.
  2776 | D:4      | Noticed Crazy Yiuf
  2977 | D:4      | Reached skill level 1 in Evocations
  3112 | D:4      | Reached XP level 6. HP: 21/43 MP: 9/9
  3709 | D:5      | Entered Level 5 of the Dungeon
  3711 | D:5      | Reached skill level 4 in Short Blades
  3879 | D:5      | Found a staircase to the Ecumenical Temple.
  3895 | Temple   | Entered the Ecumenical Temple
  3998 | D:5      | Noticed a water moccasin
  4007 | D:5      | Killed a water moccasin
  4008 | D:5      | Reached XP level 7. HP: 32/48 MP: 10/10
  4049 | D:5      | Noticed Edmund
  4242 | D:6      | Found Qoubosti's CLEARANCE SALE!.
  4463 | D:6      | Found a stormy altar of Qazlal.
  4597 | D:6      | Reached XP level 8. HP: 54/54 MP: 11/11
  4654 | D:6      | Found a snail-covered altar of Cheibriados.
  4654 | D:6      | Found an opulent altar of Gozag.
  4654 | D:6      | Found a glowing silver altar of Zin.
  4663 | D:6      | Became a worshipper of Cheibriados the Contemplative
  4690 | D:6      | Reached skill level 5 in Stealth
  4938 | D:7      | Learned a level 4 spell: Manifold Assault
  4983 | D:7      | Reached skill level 5 in Short Blades
  5021 | D:7      | Reached skill level 5 in Fighting
  5113 | D:7      | Noticed a shadow
  5130 | D:7      | Killed a shadow
  5248 | D:7      | Noticed a yak
  5262 | D:7      | Noticed a yak
  5263 | D:7      | Noticed a yak
  5263 | D:7      | Noticed a yak
  5263 | D:7      | Noticed a yak
  5280 | D:7      | Killed a yak
  5281 | D:7      | Reached skill level 5 in Dodging
  5281 | D:7      | Reached XP level 9. HP: 17/61 MP: 13/13
  5299 | D:8      | Found a flagged portal.
  5309 | D:8      | Reached * piety under Cheibriados
  5344 | D:8      | Learned a level 1 spell: Apportation
  5362 | Bailey   | Entered a bailey
  5631 | Bailey   | Reached skill level 6 in Short Blades
  5631 | Bailey   | Reached skill level 5 in Evocations
  5700 | Bailey   | Noticed an orc knight
  5708 | Bailey   | Slain by an orc warrior

Illustrated notes

Levels and vault maps discovered:
D:1:      dpeg_arrival_ratfight, layout_basic,
          ebering_ecumenical_altar_petrified
D:2:      layout_basic, basic_altar, nicolae_concentric_dashed_squares_mild,
          minmay_splitting_lines, minmay_lizard_king
D:3:      layout_loops_ring, kennysheep_okawaru_gauntlet, serial_shops, shop,
          minivault_26, st_stairs_1, dreamdust_princess_bridge, uniq_ijyb
D:4:      layout_loops_cross, minmay_statues_item, bh_walls_and_bars,
          uniq_crazy_yiuf_cottage
D:5:      layout_loops_ring, lemuel_crystal_altar,
          minmay_temple_entry_statues_pillars, uniq_edmund
D:6:      layout_loops_ring, nicolae_qazlal_eye_of_the_storm,
          gammafunk_temple_overflow_claw, nicolae_shop_clearance
D:7:      layout_basic, mainiacjoe_overflow_tiny_flanked,
          gammafunk_ghost_gnarly_gnolls
D:8:      layout_loops_cross, mainiacjoe_overflow_alcove_2,
          hellmonk_lair_entry_icy, enter_bailey_5
Temple:   zaba_magenta_temple
Bailey:   bailey_polearm_2, bailey

Skill      XL: |  1  2  3  4  5  6  7  8  9 |
---------------+----------------------------+-----
Fighting       | 3 4 5 |  5.9
Short Blades   | 3 4 5 6 |  6.1
Stealth        | 1 2 3 4 5 |  5.0
Dodging        | 3 4 5 |  5.0
Evocations     | 1 2 3 4 5 |  5.1
Spellcasting   | 3 |  3.9
Translocations | 4 |  4.7
Throwing       | |  1.1

Action                     |  1- 3 |  4- 6 |  7- 9 || total
---------------------------+-------+-------+-------++-------
  Melee: Short sword       |    77 |   132 |   125 ||   334
         Constrict         |    23 |    33 |    21 ||    77
         Tentacles         |    13 |    30 |    34 ||    77
         Punch             |     2 |     1 |       ||     3
   Cast: Apportation       |       |       |     4 ||     4
         Blink             |       |       |     3 ||     3
  Evoke: Wand              |       |       |     9 ||     9
    Use: Scroll            |     2 |     6 |     6 ||    14
   Stab: Sleeping          |     6 |    15 |    11 ||    32
 Armour: Skin              |     7 |     6 |     8 ||    21
  Dodge: Dodged            |    41 |    48 |   101 ||   190

Table legend: (Time is in decaauts)
 A = Elapsed time spent in this place.
 B = Non-inter-level travel time spent in this place.
 C = Inter-level travel time spent in this place.
 D = Time resting spent in this place.
 E = Time spent auto-exploring this place.
 F = Levels seen in this place.
 G = Mean time per level.
                   A        B        C        D        E       F      G
               +--------+--------+--------+--------+--------+-----+--------+
         Total |   5860 |   5529 |    331 |    171 |   4189 |  10 |  586.0 |
       Dungeon |   5384 |   5073 |    311 |    142 |   3901 |   8 |  673.0 |
        Temple |     73 |     54 |     19 |      0 |     50 |   1 |   73.0 |
        Bailey |    402 |    402 |      0 |     29 |    238 |   1 |  402.0 |
               +--------+--------+--------+--------+--------+-----+--------+

Top non-repeatable levels by time:
     D:4: 1147 daAuts
     D:2: 1074 daAuts
     D:3: 828 daAuts
     D:6: 796 daAuts
     D:1: 627 daAuts
     D:7: 427 daAuts
  Bailey: 402 daAuts
     D:5: 391 daAuts
     D:8: 92 daAuts
  Temple: 73 daAuts
